 Dungeon Crawl Stone Soup version 0.22.0-36-g8e74550 (webtiles) character file.

191548 EnegeticOcto the Champion of Chaos (level 17, -16/159 HPs)
             Began as a Deep Dwarf Fighter on Aug 24, 2018.
             Was the Champion of Makhleb.
             Demolished by an ettin
             ... wielding a +0 dire flail
              (31 damage)
             ... on level 2 of the Vaults.
             The game lasted 00:30:32 (17240 turns).

EnegeticOcto the Champion of Chaos (DDFi)          Turns: 17240, Time: 00:30:33

Health: -16/159    AC: 28    Str: 25    XL:     17   Next: 24%
Magic:  5/5        EV:  4    Int:  6    God:    Makhleb [******]
Gold:   760        SH: 14    Dex: 12    Spells: 16/16 levels left

rFire    . . .     SeeInvis +   i - +6 broad axe (chop)
rCold    + + .     Gourm    .   c - +0 shield
rNeg     + . .     Faith    .   r - +0 plate armour
rPois    +         Spirit   .   a - +2 helmet {SInv}
rElec    .         Reflect  .   G - +0 cloak
rCorr    .         Harm     .   L - +2 pair of gloves "Lynuggopp" {rC++ Regen+ Int-5 SInv}
MR       ++...                  j - +1 pair of boots
Stlth    ..........             (no amulet)
HPRegen  0.00/turn              t - ring of poison resistance
MPRegen  0.09/turn              (no ring)

@: non-regenerating, constricted
A: damage resistance, heal wounds, negative energy resistance 1, sense
surroundings 2, no regeneration
}: 2/15 runes: barnacled, gossamer
a: Heal Wounds, Minor Destruction, Lesser Servant of Makhleb, Major Destruction,
Greater Servant of Makhleb, Renounce Religion


You were on level 2 of the Vaults.
You worshipped Makhleb.
Makhleb was exalted by your worship.
You were not hungry.

You visited 6 branches of the dungeon, and saw 32 of its levels.

You collected 1332 gold pieces.
You spent 572 gold pieces at shops.

Inventory:

Hand Weapons
 i - a +6 broad axe of chopping (weapon)
Missiles
 e - 7 throwing nets (quivered) {!f}
Armour
 a - a +2 helmet of see invisible (worn)
 c - a +0 shield (worn)
 j - a +1 pair of boots (worn)
 r - a +0 plate armour (worn)
 G - a +0 cloak (worn)
 L - the +2 pair of gloves "Lynuggopp" (worn) {rC++ Regen+ Int-5 SInv}
   (You acquired it on level 12 of the Dungeon)

   It affects your intelligence (-5).
   It greatly protects you from cold.
   It lets you see invisible.
   It increases your rate of regeneration.
Jewellery
 t - a ring of poison resistance (left hand)
Wands
 b - a wand of disintegration (11)
 l - a wand of digging (17)
 q - a wand of clouds (3)
 y - a wand of acid (11)
 D - a wand of flame (36)
 H - a wand of enslavement (24)
 I - a wand of iceblast (9)
Scrolls
 g - 4 scrolls of remove curse {@r2}
 m - 4 scrolls of fog
 o - 8 scrolls of teleportation {@r3 !r}
 u - a scroll of enchant armour
 z - 2 scrolls of fear
 C - 4 scrolls of amnesia
 F - 4 scrolls of magic mapping {@r5 !r}
 M - 4 scrolls of identify {@r1}
 N - a scroll of enchant weapon
Potions
 d - 2 potions of might {@q3 !q}
 k - 4 potions of heal wounds {@q2}
 n - 3 potions of haste {@q4 !q}
 p - a potion of brilliance
 s - 3 potions of berserk rage
 v - a potion of lignification {@q6 !q}
 w - a potion of mutation
 A - 4 potions of flight
 E - a potion of resistance
 J - 2 potions of curing {@q1}
 O - 2 potions of magic {unknown}
 Q - 2 potions of ambrosia
Miscellaneous
 h - a phantom mirror
 x - 2 sacks of spiders
 B - a lamp of fire
 K - a phial of floods
Comestibles
 f - 50 rations
 P - 8 chunks of flesh


   Skills:
 + Level 12.2 Fighting
 - Level 16.0 Axes
 + Level 14.2 Armour
 + Level 14.2 Shields
 * Level 20.3 Invocations


You had 16 spell levels left.
You didn't know any spells.
Your spell library contained the following spells:

 Spells                   Type           Power        Failure   Level  Hunger
 Confusing Touch          Hex            #.....       99%         1    ##.....
 Corona                   Hex            #......      99%         1    ##.....
 Magic Dart               Conj           #...         99%         1    ##.....
 Searing Ray              Conj           #.....       99%         2    ###....
 Slow                     Hex            #.......     99%         2    ###....
 Confuse                  Hex            #.......     100%        3    ####...
 Dazzling Spray           Conj/Hex       #.....       100%        3    ####...
 Gell's Gravitas          Tloc           #.........   100%        3    ####...
 Inner Flame              Hex/Fire       #.......     100%        3    ####...
 Portal Projectile        Hex/Tloc       #.....       100%        3    ####...
 Cause Fear               Hex            #.........   100%        4    #####..
 Force Lance              Conj/Tloc      #.......     100%        4    #####..
 Fulminant Prism          Conj/Hex       #.........   100%        4    #####..
 Iskenderun's Mystic Bla  Conj           #.......     100%        4    #####..
 Leda's Liquefaction      Hex/Erth       #.........   100%        4    #####..
 Petrify                  Tmut/Erth      #.......     100%        4    #####..
 Metabolic Englaciation   Hex/Ice        #.........   100%        5    ######.
 Yara's Violent Unravell  Hex/Tmut       #.........   100%        5    ######.


Dungeon Overview and Level Annotations

Branches:
Dungeon (15/15)            Temple (1/1) D:6            Lair (6/6) D:11
 Shoals (4/4) Lair:4       Spider (4/4) Lair:3        Slime (0/5) Lair:5
    Orc (0/2) D:9          Vaults (2/5) D:13          Crypt (0/3) Vaults:2
 Depths (0/5) D:15

Altars:
Ashenzari
Cheibriados
Dithmenos
Elyvilon
Fedhas
Gozag
Hepliaklqana
Kikubaaqudgha
Makhleb
Nemelex Xobeh
Okawaru
Sif Muna
Trog
Vehumet
Wu Jian
Xom

Shops:
D:6 *   D:9 ?   D:15 [   Vaults:2 (

Annotations:
D:6 1 runed door, leisz's ghost, novice MiFi
D:9 1 runed door, exclusion: ice statue, Monsterracer's ghost, novice MiEE
D:15 2 transporters, Cilun's ghost, veteran GrGl
Lair:3 exclusion: 2 oklob plants
Lair:5 2 runed doors, EnegeticOcto's ghost, journeyman NaEn


Innate Abilities, Weirdness & Mutations

You are resistant to damage.
You can heal yourself by infusing magical energy.
You resist negative energy. (rN+)
You passively map the area around you.
You do not regenerate.


Message History

You feel much better. You block the war gargoyle's attack.
The deep elf knight points at you and mumbles some strange words.
The shard of ice hits you! You partially resist.
The ettin hits you with a dire flail! The ettin hits you with a dire flail!!
The deep elf archer shoots an arrow.
You block the arrow.
The tentacled monstrosity tentacle-slaps you but does no damage. x3
The tentacled monstrosity constricts you!
You block the deep elf mage's attack.
The deep elf knight shoots an arrow.
The arrow hits you but does no damage.
The deep elf mage gestures wildly while chanting.
The deep elf mage blinks!
The war gargoyle hits you with a flail of protection!
* * * LOW HITPOINT WARNING * * *
You hit the tentacled monstrosity.
The tentacled monstrosity is moderately wounded.
You miss the deep elf mage. You hit the war gargoyle. You slash the ettin!
The golden eye changes into a spriggan!
The ettin hits you with a dire flail!!
* * * LOW HITPOINT WARNING * * *
The ettin hits you with a dire flail!!
You die...

* *, , , # ,,, #.. # , ,
,#..# # , #e.# # *
######ee####### # *
........#.....# #
,,.......e#ip...# # ,
........#Xa...# #
.......e@Cp...# # ,,
,,........#9....# #
,,,........#o....# # ,
........#################
,,
.........................
,
.........................
,
.........................
*
#########################


You could see a tentacled monstrosity, 2 ironheart preservers, an entropy
weaver, an orc knight, an ettin, a war gargoyle, a deep elf archer, a deep elf
knight (invisible), 3 deep elf magi and a spriggan shaped shifter.

Vanquished Creatures
  A kraken (Shoals:4)
  Polyphemus (Shoals:4)
  Gastronok (D:8)
  A frost giant (D:15)
  An emperor scorpion (Spider:4)
  3 ghost moths
  A stone giant (Vaults:2)
  A spark wasp (Spider:4)
  An entropy weaver (Spider:3)
  A merfolk javelineer (Shoals:4)
  A fire dragon (Vaults:2)
  Snorg (Lair:4)
  2 merfolk impalers
  An ogre mage (Vaults:1)
  Harold (D:8)
  4 vault guards (D:13)
  A hydra (D:13)
  An ice dragon (Vaults:2)
  3 merfolk avatars
  4 centaur warriors (D:15)
  A catoblepas (Lair:6)
  4 death yaks (Lair:6)
  7 two-headed ogres
  3 death knights
  2 tengu warriors
  3 deep elf knights (Vaults:1)
  2 sea snakes
  A shadow wraith (Vaults:2)
  2 deep elf archers (Vaults:1)
  4 unseen horrors
  An unseen horror (shapeshifter) (Vaults:1)
  A wizard (Vaults:2)
  Pikel (D:7)
  4 orc knights
  5 harpies
  A phantasmal warrior (D:13)
  13 wolf spiders
  8 orb spiders
  25 ugly things
  7 cyclopes
  A wolf spider zombie (D:15)
  2 fauns (Shoals:3)
  3 manticores
  Maurice (D:13)
  7 merfolk sirens
  9 elephants
  3 vault sentinels
  2 centaur zombies (D:13)
  A black mamba (Lair:4)
  4 water nymphs
  20 spiny frogs
  A gargoyle (D:15)
  3 yaktaurs
  2 rime drakes
  2 freezing wraiths
  8 komodo dragons
  A tengu conjurer (D:15)
  10 demonic crawlers
  A queen bee (Lair:5)
  14 jumping spiders
  6 merfolk
  7 trolls
  2 wind drakes
  2 polar bears
  6 meliai
  Prince Ribbit (D:8)
  7 tyrant leeches
  4 hornets
  10 slime creatures
  4 dream sheep (Shoals:4)
  5 hippogriffs
  11 blink frogs (Lair:6)
  2 snapping turtles
  2 water elementals
  2 wraiths
  14 tarantellas
  2 shadows (D:15)
  56 redbacks
  3 wyverns
  43 yaks
  2 basilisks (D:11)
  3 hungry ghosts
  6 vampire mosquitoes (Lair:6)
  3 acid dragons
  11 water moccasins
  11 porcupines
  9 orc warriors
  A black bear (D:7)
  3 phantoms
  A necrophage (D:9)
  5 ice beasts
  3 sky beasts
  7 wolves
  16 centaurs
  9 ogres
  8 crocodiles
  4 big kobolds
  31 bullfrogs
  2 gnoll sergeants
  2 scorpions
  A wyvern skeleton (D:11)
  22 killer bees
  7 wights
  3 vampire bats (D:5)
  3 howler monkeys
  2 electric eels
  6 crimson imps
  2 bullfrog zombies
  8 jellies
  8 orc priests
  6 centaur skeletons
  4 bullfrog skeletons
  9 hounds
  23 orc wizards
  6 iguanas
  9 worker ants
  6 hell rats (Lair:6)
  A hound zombie (D:5)
  A worker ant zombie (D:5)
  14 gnolls
  11 adders
  8 shadow imps
  6 oozes
  An adder skeleton (D:9)
  An adder zombie (D:5)
  3 worms
  2 dart slugs
  2 leopard geckos
  42 orcs
  9 bats
  4 giant cockroaches
  A goblin (D:2)
  6 hobgoblins
  A jackal (D:5)
  18 kobolds
  6 quokkas
  2 ball pythons
  A frilled lizard (D:5)
  A leopard gecko skeleton (D:7)
  2 rats (D:1)
  5 fungi
  7 plants
  3 tentacles (Shoals:4)
830 creatures vanquished.

Vanquished Creatures (collateral kills)
  Ilsuiw (Shoals:4)
  3 ghost moths (Spider:4)
  5 emperor scorpions (Spider:4)
  A merfolk javelineer (Shoals:4)
  6 merfolk impalers (Shoals:4)
  4 hydras
  3 merfolk aquamancers (Shoals:4)
  2 merfolk avatars (Shoals:4)
  A sea snake (Shoals:4)
  A lindwurm (Lair:6)
  A wolf spider (Spider:4)
  An orb spider (Spider:4)
  A cyclops (Shoals:4)
  2 manticores (Shoals:4)
  2 merfolk sirens (Shoals:4)
  A black mamba (Lair:2)
  2 water nymphs (Shoals:4)
  2 spiny frogs (Lair:2)
  A jumping spider (Spider:4)
  12 merfolk (Shoals:4)
  5 snapping turtles (Shoals:4)
  2 hippogriffs
  A redback (Spider:4)
  3 water elementals (Shoals:4)
  3 yaks (Lair:2)
  A porcupine (Lair:2)
  A centaur (Shoals:2)
  A crocodile (Lair:6)
  A bullfrog (Lair:6)
  An electric eel (Spider:4)
  A fungus (Lair:6)
  2 plants (Shoals:4)
  A tentacle (Shoals:4)
75 creatures vanquished.

Vanquished Creatures (others)
  A hornet (Spider:2)
  An adder (D:7)
  2 bushes (D:11)
  10 fungi
  52 plants
  5 tentacles (Shoals:4)
71 creatures vanquished.

Grand Total: 976 creatures vanquished

Notes
Turn   | Place    | Note
-------+----------+-------------------------------------------
     0 | D:1      | EnegeticOcto the Deep Dwarf Fighter began the quest for the Orb.
     0 | D:1      | Reached XP level 1. HP: 20/20 MP: 1/1
     6 | D:1      | Noticed a black bear
     6 | D:1      | Noticed a wyvern
     6 | D:1      | Noticed a water moccasin
    63 | D:1      | Reached XP level 2. HP: 27/27 MP: 2/2
   219 | D:2      | Reached XP level 3. HP: 34/34 MP: 3/3
   297 | D:2      | Reached XP level 4. HP: 42/42 MP: 4/4
   369 | D:3      | Found a shattered altar of Ashenzari.
   893 | D:4      | Reached XP level 5. HP: 36/49 MP: 5/5
  1122 | D:5      | Entered Level 5 of the Dungeon
  1122 | D:5      | Noticed a phantom
  1170 | D:5      | Killed a phantom
  1223 | D:5      | Reached XP level 6. HP: 32/57 MP: 6/6
  1256 | D:5      | Reached skill level 5 in Shields
  1282 | D:5      | Reached skill level 5 in Armour
  1619 | D:5      | Reached XP level 7. HP: 49/64 MP: 7/7
  1704 | D:5      | You fall through a shaft!
  1733 | D:6      | Found Fueph's Assorted Antiques.
  1794 | D:6      | Found a runed door.
  1794 | D:6      | Noticed leisz's ghost (novice MiFi)
  1899 | D:6      | Reached skill level 5 in Axes
  2151 | D:6      | Found an opulent altar of Gozag.
  2215 | D:6      | Reached skill level 5 in Fighting
  2215 | D:6      | Reached XP level 8. HP: 56/74 MP: 8/8
  2294 | D:6      | Found a staircase to the Ecumenical Temple.
  2303 | Temple   | Entered the Ecumenical Temple
  2336 | Temple   | Became a worshipper of Makhleb the Destroyer
  2536 | D:7      | Noticed Pikel
  2560 | D:7      | Killed Pikel
  2560 | D:7      | Reached skill level 3 in Invocations
  2629 | D:7      | Reached skill level 4 in Invocations
  2954 | D:7      | Gained mutation: You passively map the area around you. [Deep Dwarf growth]
  2954 | D:7      | Reached XP level 9. HP: 65/81 MP: 9/9
  3352 | D:8      | Reached skill level 5 in Invocations
  3353 | D:8      | Noticed Gastronok
  3376 | D:8      | HP: 2/81 [Gastronok (26)]
  3407 | D:8      | Killed Gastronok
  3407 | D:8      | Reached skill level 7 in Invocations
  3479 | D:8      | Reached XP level 10. HP: 71/92 MP: 7/7
  3522 | D:8      | Noticed Prince Ribbit
  3557 | D:8      | Killed Prince Ribbit
  3624 | D:8      | Found a shadowy altar of Dithmenos.
  3642 | D:8      | Noticed Harold
  3666 | D:8      | Killed Harold
  3666 | D:8      | Reached * piety under Makhleb
  3666 | D:8      | Reached skill level 8 in Invocations
  3979 | D:9      | Found a staircase to the Orcish Mines.
  4003 | D:9      | Found Doathit's Magic Scroll Shop.
  4249 | D:9      | Reached skill level 9 in Invocations
  4255 | D:9      | Noticed an ice statue
  4355 | D:9      | Found a blossoming altar of Fedhas.
  4426 | D:9      | Found a runed door.
  4426 | D:9      | Found a shimmering altar of Xom.
  4426 | D:9      | Noticed Monsterracer's ghost (novice MiEE)
  4427 | D:9      | Noticed a quarterstaff of chaos
  4458 | D:9      | Reached ** piety under Makhleb
  4703 | D:10     | Entered Level 10 of the Dungeon
  4704 | D:10     | Noticed an unseen horror
  4741 | D:10     | Killed an unseen horror
  4741 | D:10     | Reached skill level 10 in Axes
  4796 | D:10     | Reached XP level 11. HP: 59/100 MP: 8/8
  4872 | D:10     | Reached skill level 10 in Invocations
  5372 | D:10     | Reached *** piety under Makhleb
  5947 | D:11     | Reached **** piety under Makhleb
  5996 | D:11     | Found a staircase to the Lair.
  6068 | D:11     | Noticed a cyan ugly thing
  6088 | D:11     | Killed a cyan ugly thing
  6088 | D:11     | Reached skill level 11 in Invocations
  6520 | Lair:1   | Entered Level 1 of the Lair of Beasts
  6637 | Lair:2   | Noticed an eight-headed hydra
  6710 | Lair:2   | Killed a 12-headed hydra
  6735 | Lair:2   | Found a hazy altar of Hepliaklqana.
  6887 | Lair:2   | Noticed a seven-headed hydra
  6896 | Lair:2   | Killed a seven-headed hydra
  6896 | Lair:2   | Reached XP level 12. HP: 69/110 MP: 3/3
  7060 | Lair:1   | Reached skill level 12 in Invocations
  7132 | D:9      | Bought a scroll of acquirement for 572 gold pieces
  7427 | Lair:2   | You fall through a shaft!
  7427 | Lair:3   | Found a hole to the Spider Nest.
  7765 | Lair:3   | Reached skill level 10 in Shields
  7810 | Lair:3   | Reached skill level 10 in Armour
  7877 | Lair:3   | Noticed an eight-headed hydra
  7884 | Lair:3   | Killed an eight-headed hydra
  8199 | Lair:4   | Reached skill level 13 in Invocations
  8413 | Lair:4   | Found a staircase to the Shoals.
  8572 | Lair:4   | Noticed Snorg
  8588 | Lair:4   | Killed Snorg
  8821 | Lair:5   | Reached ***** piety under Makhleb
  8835 | Lair:5   | Reached XP level 13. HP: 29/120 MP: 4/4
  8876 | Lair:5   | Found a large runed door.
  8877 | Lair:5   | Found a large runed door.
  8881 | Lair:5   | Noticed EnegeticOcto's ghost (journeyman NaEn)
  9131 | Lair:5   | Found a staircase to the Slime Pits.
  9233 | Lair:6   | Entered Level 6 of the Lair of Beasts
  9593 | Lair:6   | Reached skill level 14 in Invocations
 10242 | Lair:6   | Reached skill level 15 in Invocations
 10691 | Lair:6   | Gained mutation: You resist negative energy. (rN+) [Deep Dwarf growth]
 10691 | Lair:6   | Reached XP level 14. HP: 105/129 MP: 6/6
 11005 | Spider:1 | Entered Level 1 of the Spider Nest
 11024 | Spider:1 | Reached ****** piety under Makhleb
 11140 | Spider:2 | Noticed a ghost moth
 11150 | Spider:2 | Killed a ghost moth
 11289 | Spider:3 | Noticed an entropy weaver
 11305 | Spider:3 | Killed an entropy weaver
 11335 | Spider:4 | Entered Level 4 of the Spider Nest
 11558 | Spider:4 | Reached skill level 10 in Fighting
 11683 | Spider:4 | Reached skill level 16 in Invocations
 11720 | Spider:4 | Noticed a ghost moth
 11741 | Spider:4 | Killed a ghost moth
 12117 | Spider:4 | Noticed an emperor scorpion
 12120 | Spider:4 | Reached skill level 15 in Axes
 12162 | Spider:4 | Killed an emperor scorpion
 12238 | Spider:4 | Noticed an emperor scorpion
 12247 | Spider:4 | Killed an emperor scorpion
 12259 | Spider:4 | Noticed a ghost moth
 12259 | Spider:4 | Noticed an emperor scorpion
 12261 | Spider:4 | Noticed an emperor scorpion
 12265 | Spider:4 | Killed a ghost moth
 12266 | Spider:4 | Reached XP level 15. HP: 128/138 MP: 0/7
 12269 | Spider:4 | Noticed a ghost moth
 12292 | Spider:4 | Killed a ghost moth
 12304 | Spider:4 | Noticed a ghost moth
 12306 | Spider:4 | Noticed a ghost moth
 12313 | Spider:4 | Killed a ghost moth
 12315 | Spider:4 | Killed a ghost moth
 12333 | Spider:4 | Got a gossamer rune of Zot
 12462 | Spider:3 | Reached skill level 17 in Invocations
 12610 | Shoals:1 | Entered Level 1 of the Shoals
 12830 | Shoals:4 | Entered Level 4 of the Shoals
 12832 | Shoals:4 | Noticed Ilsuiw
 12848 | Shoals:4 | Killed Ilsuiw
 12982 | Shoals:4 | Noticed Polyphemus
 12994 | Shoals:4 | Killed Polyphemus
 13153 | Shoals:4 | Reached skill level 18 in Invocations
 13280 | Shoals:4 | Noticed a kraken
 13293 | Shoals:4 | Killed a kraken
 13293 | Shoals:4 | Reached XP level 16. HP: 90/150 MP: 5/5
 13304 | Shoals:4 | Got a barnacled rune of Zot
 13593 | D:12     | Got a pair of dazzling gloves
 13604 | D:12     | Identified the +2 pair of gloves "Lynuggopp" {rC++ Regen+ Int-5 SInv} (You acquired it on level 12 of the Dungeon)
 13816 | D:13     | Noticed Maurice
 13824 | D:13     | Killed Maurice
 14328 | D:13     | Found a gate to the Vaults.
 15060 | D:14     | Reached skill level 19 in Invocations
 15477 | D:15     | Entered Level 15 of the Dungeon
 15533 | D:15     | Found a transporter.
 15533 | D:15     | Noticed Cilun's ghost (veteran GrGl)
 15594 | D:15     | Found a transporter.
 16260 | D:15     | Found Boercha's Antique Armour Shop.
 16347 | D:15     | Found a staircase to the Depths.
 16491 | Vaults:1 | Entered Level 1 of the Vaults
 16710 | Vaults:1 | Reached XP level 17. HP: 159/159 MP: 6/6
 16720 | Vaults:1 | Reached skill level 20 in Invocations
 17162 | Vaults:2 | Found a staircase to the Crypt.
 17233 | Vaults:2 | Found Tohyodd's Weapon Emporium.
 17233 | Vaults:2 | Noticed a tentacled monstrosity
 17240 | Vaults:2 | Demolished by an ettin

Skill      XL: |  1  2  3  4  5  6  7  8  9 10 11 12 13 14 15 16 17 |
---------------+----------------------------------------------------+-----
Fighting       | 3 4 5 6 7 8 9 10 11 12 | 12.2
Axes           | 3 4 5 6 8 10 11 12 14 15 16 | 16.0
Shields        | 4 5 6 7 8 9 10 11 12 13 14 | 14.2
Armour         | 4 5 6 7 8 9 10 11 12 13 14 | 14.2
Invocations    | 4 7 9 11 13 15 16 18 19 20 | 20.3

Action                   |  1- 3 |  4- 6 |  7- 9 | 10-12 | 13-15 | 16-18 || total
-------------------------+-------+-------+-------+-------+-------+-------++-------
Melee: War axe           |    70 |   181 |   251 |   722 |       |       ||  1224
       Broad axe         |       |       |       |   204 |   999 |   712 ||  1915
Invok: Lesser Servant of |       |       |       |    10 |     6 |     2 ||    18
       Greater Servant o |       |       |       |       |    10 |       ||    10
 Abil: Heal Wounds       |     2 |     3 |    21 |    28 |    23 |     2 ||    79
Evoke: Wand              |       |       |       |       |     7 |     1 ||     8
       Lamp of fire      |       |       |       |       |       |     1 ||     1
  Use: Scroll            |       |       |    10 |     5 |    10 |     7 ||    32
       Potion            |       |       |       |     1 |    11 |     1 ||    13
 Stab: Distracted        |       |       |       |     2 |     6 |     1 ||     9
  Eat: Chunk             |       |     3 |     7 |    21 |     9 |    16 ||    56
       Ration            |       |       |       |       |     2 |       ||     2
Armor: Scale mail        |    32 |    99 |    71 |       |       |       ||   202
       Plate armour      |       |       |    44 |   619 |  1019 |   402 ||  2084
Dodge: Dodged            |    34 |    54 |    81 |   196 |   350 |   147 ||   862
Block: Shield            |    39 |    91 |   135 |   645 |   913 |   457 ||  2280
